Map: 세룰리안 폴 - 래더

Players

Solar - Winner!

  • Race: Zerg Zerg
  • League: Master
  • Spawn Location: 7:00

Cure

  • Race: Terran Terran
  • Spawn Location: 1:00

Event: IEM Season 13 - Katowice Server Qualifiers Asia 1

VOD

Have the link to the VOD?

Description

Time

  • Played on: Jan. 14, 2019, 5:03 a.m.
  • Length: 11:13

All games in this series

Show
View Real Time Build Order
Export as new Build Order

Solar Zerg - Winner!

Build Orders: Hatch First, Muta Ling Bane 

Get SALT Encoding   

  12  0:01  Drone  
  13  0:12  Overlord  
  13  0:17  Drone  
  14  0:31  Drone x2  
  16  0:48  Hatchery  
  15  0:51  Drone  
  15  0:55  Drone  
  17  0:58  Drone  
  18  1:06  Extractor  
  17  1:13  Spawning Pool  
  17  1:17  Drone  
  17  1:20  Drone  
  18  1:29  Drone  
  19  1:42  Drone  
  20  1:54  Overlord  
  20  2:00  Queen x2  
  25  2:01  Zergling x4  
  25  2:07  Metabolic Boost  
  26  2:12  Drone x2  
  28  2:30  Hatchery  
  28  2:34  Drone  
  28  2:36  Drone  
  29  2:41  Drone  
  30  2:46  Queen  
  32  2:51  Overlord  
  32  2:54  Drone  
  32  2:57  Drone  
  34  3:02  Drone x2  
  36  3:10  Drone x2  
  36  3:11  Drone x2  
  40  3:13  Drone  
  40  3:17  Overlord  
  41  3:23  Queen  
  41  3:27  Drone  
  44  3:32  Overlord  
  44  3:36  Drone  
  44  3:37  Drone  
  44  3:40  Drone x3  
  49  3:43  Lair  
  49  3:48  Queen  
  49  3:50  Drone  
  52  3:55  Overlord  
  52  3:57  Extractor, Drone  
  52  3:58  Extractor  
  52  3:59  Drone  
  51  4:06  Queen  
  51  4:08  Drone x2  
  55  4:10  Drone  
  55  4:11  Drone  
  55  4:13  Overlord  
  55  4:15  Drone  
  58  4:17  Drone  
  58  4:20  Drone  
  58  4:21  Drone  
  61  4:24  Drone  
  61  4:27  Spore Crawler  
  61  4:28  Spore Crawler  
  61  4:29  Spore Crawler  
  59  4:32  Extractor, Drone x2  
  59  4:34  Zergling x2  
  59  4:35  Zergling x2  
  59  4:36  Zergling x2  
  62  4:38  Zergling x2  
  62  4:39  Zergling x2  
  62  4:43  Overseer  
  64  4:48  Spire  
  64  4:50  Zergling x4  
  64  4:52  Drone  
  66  4:53  Drone  
  66  4:57  Overlord  
  67  5:01  Drone  
  67  5:02  Drone  
  67  5:03  Drone x2  
  67  5:04  Drone  
  67  5:05  Drone  
  73  5:08  Overlord  
  73  5:11  Overlord  
  73  5:19  Overlord  
  72  5:23  Drone x2  
  72  5:26  Overlord  
  72  5:27  Overlord  
  74  5:31  Drone  
  74  5:34  Drone x3  
  73  5:44  Zergling x4  
  73  5:45  Zergling x12  
  73  5:47  Overlord  
  80  5:58  Drone  
  80  6:01  Mutalisk x7  
  80  6:04  Mutalisk  
  97  6:12  Extractor  
  97  6:13  Extractor  
  97  6:16  Drone x2  
  97  6:17  Drone  
  97  6:20  Mutalisk  
  97  6:22  Drone  
  97  6:23  Drone x3  
  103  6:26  Drone  
  103  6:29  Queen, Drone  
  103  6:30  Queen x2  
  111  6:35  Drone  
  111  6:39  Zergling x2  
  113  6:40  Zergling x10  
  115  6:50  Zergling x6  
  111  6:57  Zergling x8  
  108  7:03  Drone x2  
  108  7:04  Drone x2  
  108  7:06  Drone  
  108  7:07  Drone  
  111  7:08  Drone  
  111  7:09  Drone  
  111  7:10  Drone  
  110  7:17  Drone  
  110  7:19  Drone x2  
  104  7:26  Drone  
  104  7:27  Drone x2  
  102  7:31  Extractor  
  102  7:32  Hydralisk Den, Drone  
  102  7:35  Drone  
  102  7:40  Corruptor x5  
  108  7:50  Corruptor  
  101  7:59  Overlord x3  
  101  8:01  Evolution Chamber  
  101  8:02  Evolution Chamber  
  101  8:05  Zergling x10  
  103  8:07  Hatchery  
  103  8:08  Baneling Nest  
  103  8:09  Corruptor  
  103  8:13  Corruptor  
  103  8:18  Corruptor  
  107  8:21  Hydralisk  
  107  8:24  Overlord  
  109  8:27  Overlord  
  109  8:28  Hydralisk x2  
  109  8:30  Zergling x2  
  109  8:32  Hydralisk  
  109  8:33  Zergling x2  
  113  8:36  Hydralisk  
  113  8:38  Zergling x2  
  113  8:39  Zergling x4  
  116  8:41  Hydralisk  
  116  8:48  Zerg Melee Weapons Level 1  
  116  8:50  Muscular Augments  
  115  8:58  Centrifical Hooks  
  115  9:06  Hydralisk x2  
  119  9:11  Overlord, Zerg Missile Weapons Level 1  
  119  9:12  Overlord  
  119  9:16  Hydralisk x2  
  123  9:18  Drone x3  
  123  9:20  Extractor  
  123  9:21  Hydralisk, Zergling x2  
  123  9:22  Zergling x10  
  133  9:26  Overlord  
  133  9:27  Hydralisk  
  135  9:33  Hydralisk x2  
  135  9:35  Hydralisk  
  135  9:38  Overlord  
  141  9:43  Drone x2  
  141  9:44  Hydralisk x2  
  143  9:49  Baneling x6  
  143  9:51  Zergling x2  
  143  9:52  Zergling x4  
  146  9:53  Baneling x2  
  146  9:54  Overlord  
  145  10:02  Baneling x3, Overseer  
  145  10:03  Baneling x5  
  145  10:05  Hydralisk  
  148  10:07  Zergling x8  
  148  10:11  Hydralisk x2  
  148  10:13  Hydralisk  
  156  10:21  Hydralisk x3  
  156  10:24  Zergling x2  
  156  10:25  Zergling x4  
  156  10:27  Zergling x6  
  167  10:29  Zergling x2  
  167  10:32  Zergling x6  
  167  10:33  Baneling x2  
  170  10:37  Baneling x7  
  170  10:39  Hydralisk  
  171  10:45  Hydralisk x3  
  174  10:52  Zergling x2  
Show
View Real Time Build Order
Export as new Build Order

Cure Terran 

Build Orders: Gas First Reaper Expand 

Get SALT Encoding   

  12  0:00  SCV  
  13  0:12  SCV  
  14  0:17  Supply Depot  
  14  0:24  SCV  
  14  0:27  Refinery  
  15  0:38  SCV  
  16  0:44  Barracks  
  16  0:50  SCV  
  17  1:03  SCV  
  18  1:15  SCV  
  19  1:30  Orbital Command  
  19  1:31  Reaper  
  20  1:42  Command Center  
  20  1:53  Factory  
  20  1:57  SCV  
  21  2:05  Refinery  
  21  2:06  Barracks Reactor  
  21  2:09  SCV  
  21  2:13  Supply Depot  
  22  2:21  SCV  
  23  2:35  SCV  
  24  2:38  Starport  
  24  2:46  Hellion x2  
  24  2:47  SCV  
  24  2:48  Marine  
  30  2:56  Orbital Command  
  30  3:00  SCV  
  31  3:06  Marine  
  31  3:12  SCV  
  33  3:16  Fusion Core, Starport Tech Lab  
  33  3:22  SCV  
  33  3:24  SCV  
  35  3:32  Supply Depot  
  35  3:34  SCV  
  35  3:36  SCV  
  35  3:38  Hellion x2  
  41  3:46  SCV  
  41  3:48  SCV  
  43  3:56  Supply Depot  
  43  3:59  SCV  
  43  4:00  SCV  
  45  4:04  Battlecruiser  
  51  4:11  SCV  
  51  4:12  SCV  
  53  4:20  Command Center  
  53  4:24  SCV x2  
  54  4:30  Supply Depot  
  55  4:33  Refinery  
  55  4:36  SCV x2  
  55  4:37  Refinery  
  57  4:39  Weapon Refit  
  57  4:48  SCV x2, Supply Depot  
  59  4:59  Hellion x2  
  63  5:00  SCV  
  63  5:01  SCV  
  63  5:06  Supply Depot  
  65  5:12  SCV  
  65  5:13  SCV  
  67  5:16  Battlecruiser  
  73  5:24  SCV, Hellion x2  
  73  5:28  SCV  
  79  5:33  Supply Depot, Orbital Command  
  79  5:40  SCV x2  
  81  5:46  Factory  
  81  5:48  Factory, Hellion x2  
  85  5:52  SCV x2  
  85  5:53  Orbital Command  
  87  6:01  Armory  
  87  6:02  Armory  
  87  6:04  SCV x2  
  88  6:09  Hellion x2  
  93  6:16  SCV x2  
  93  6:18  SCV, Supply Depot x2  
  96  6:26  Battlecruiser  
  96  6:28  SCV x2  
  96  6:30  SCV  
  109  6:40  SCV x2  
  109  6:42  SCV  
  109  6:44  Factory Tech Lab x2  
  109  6:45  Engineering Bay  
  109  6:46  Widow Mine x2  
  96  7:00  SCV x3  
  91  7:07  Widow Mine x2  
  90  7:14  SCV x3  
  82  7:18  Cyclone x2  
  78  7:26  SCV x2  
  78  7:29  Hellion x2  
  62  7:38  SCV x3  
  60  7:50  Hellion x2  
  64  7:54  SCV  
  65  8:00  SCV  
  66  8:09  SCV x2  
  66  8:12  SCV  
  69  8:16  Thor  
  75  8:21  SCV x2  
  75  8:24  SCV  
  78  8:33  SCV x2, Hellion x2  
  83  8:36  SCV  
  83  8:39  Thor  
  88  8:45  SCV x2  
  90  8:48  SCV  
  91  8:57  SCV x2  
  91  9:00  SCV, Hellion x2  
  91  9:01  Missile Turret  
  98  9:06  Siege Tank  
  98  9:09  SCV  
  103  9:10  SCV  
  103  9:13  SCV  
  103  9:14  Refinery  
  103  9:15  Refinery  
  104  9:19  Missile Turret  
  104  9:20  Missile Turret  
  104  9:22  Siege Tank  
  104  9:23  SCV x2  
  109  9:25  SCV  
  109  9:28  Hellion x2  
  114  9:35  SCV x2  
  114  9:37  SCV  
  109  9:46  Siege Tank  
  109  9:47  SCV x2  
  109  9:49  SCV  
  109  9:50  Factory x2  
  115  9:53  Barracks Reactor  
  115  9:59  SCV x2  
  117  10:01  SCV  
  117  10:03  Siege Tank  
  117  10:05  Starport Reactor, Supply Depot  
  117  10:06  Supply Depot  
  121  10:08  Hellion  
  121  10:09  Hellion  
  125  10:22  Missile Turret, Supply Depot  
  125  10:23  Supply Depot  
  125  10:25  SCV x2  
  125  10:26  SCV  
  126  10:30  Siege Tank  
  126  10:31  Hellion  
  131  10:36  Hellion  
  131  10:37  SCV x2  
  131  10:39  SCV  

Tags
 
Add a new tag
Caveats
  • Supply blocks, unpowered buildings, or Contaminate may cause inaccurate times.
  • Supply counts are checked every 10 seconds.